Map: Frozen Temple

Players

Fropez - Winner!

  • Race: Protoss Protoss
  • League: Silver
  • Spawn Location: 11:00

dgz

  • Race: Zerg Zerg
  • League: Gold
  • Spawn Location: 5:00

VOD

Have the link to the VOD?

Description

Time

  • Played on: July 11, 2016, 3:16 p.m.
  • Length: 8:14
Show
View Real Time Build Order
Export as new Build Order

Fropez Protoss - Winner!

Build Orders: Mass Adepts 

Get SALT Encoding   

  12  0:01  Probe (Chrono Boost)  
  13  0:15  Pylon  
  13  0:18  Probe (Chrono Boost)  
  14  0:34  Gateway  
  14  0:43  Probe (Chrono Boost)  
  15  0:53  Probe (Chrono Boost)  
  15  0:55  Assimilator  
  16  1:01  Pylon  
  17  1:04  Probe (Chrono Boost)  
  17  1:15  Pylon, Probe (Chrono Boost)  
  18  1:27  Cybernetics Core  
  18  1:35  Gateway  
  18  1:42  Probe (Chrono Boost)  
  19  1:58  Gateway  
  19  2:04  Warp Gate (Chrono Boost)  
  19  2:15  Adept  
  20  2:24  Adept  
  22  2:34  Mothership Core  
  24  2:37  Assimilator  
  24  2:42  Adept  
  24  2:44  Pylon  
  26  2:50  Adept  
  28  3:09  Adept  
  28  3:11  Adept  
  32  3:44  Nexus  
  32  3:46  Gateway  
  32  3:48  Pylon  
  30  4:06  Adept x2  
  34  4:36  Adept x3  
  40  4:39  Probe  
  41  4:45  Forge  
  41  4:49  Twilight Council  
  41  4:52  Probe  
  42  4:56  Probe  
  41  5:04  Probe  
  40  5:07  Adept  
  42  5:34  Adept  
  42  5:35  Adept x3  
  50  5:36  Probe  
  50  5:37  Probe  
  48  5:46  Probe  
  43  5:58  Adept  
  43  5:59  Adept x2  
  49  6:06  Resonating Glaives  
  49  6:19  Protoss Ground Weapons Level 1 (Chrono Boost)  
  49  6:25  Probe  
  50  6:27  Pylon  
  50  6:28  Probe  
  50  6:32  Adept  
  53  6:33  Adept  
  53  6:37  Probe  
  56  6:42  Probe  
  57  6:48  Adept  
  57  6:49  Adept  
  61  6:59  Adept x2  
  65  7:39  Photon Cannon  
  65  7:42  Pylon  
  65  7:49  Adept x2  
  69  7:56  Pylon  
  69  8:00  Pylon, Gateway  
  69  8:02  Pylon, Gateway  
Show
View Real Time Build Order
Export as new Build Order

dgz Zerg 

Build Orders: Pool First 

Get SALT Encoding   

  12  0:01  Drone  
  13  0:08  Drone  
  14  0:18  Overlord  
  14  0:28  Extractor  
  13  0:29  Extractor  
  13  0:30  Drone x2  
  16  0:38  Drone  
  17  0:48  Spawning Pool  
  17  0:50  Drone  
  17  0:55  Drone  
  18  1:04  Extractor  
  18  1:06  Extractor  
  18  1:07  Drone  
  17  1:16  Drone  
  18  1:29  Drone  
  19  1:38  Queen  
  19  1:39  Hatchery  
  20  1:50  Zergling x4  
  22  1:55  Metabolic Boost  
  22  2:02  Overlord  
  22  2:16  Overlord  
  22  2:22  Lair  
  22  2:37  Drone x2  
  24  2:51  Queen  
  26  3:13  Drone  
  26  3:14  Drone x6  
  33  3:23  Hydralisk Den  
  32  3:51  Extractor x2  
  32  3:55  Lurker Den  
  30  3:59  Overlord  
  30  4:00  Drone  
  30  4:01  Drone x4  
  33  4:17  Hydralisk  
  33  4:18  Hydralisk x3  
  37  4:55  Hydralisk  
  33  5:10  Hydralisk x2  
  14  5:45  Drone x3  
  16  6:04  Lurker  
  17  6:29  Lurker  
  18  6:41  Drone  
  19  7:12  Drone  
  20  7:38  Drone x3  
  20  7:39  Drone  
  24  7:47  Drone  
  24  7:48  Hydralisk  
  24  7:49  Drone  
  29  8:08  Lurker  
Tags
 
Composition
Mass Adepts
Matchup
PvZ
Opening
Pool First
Replay Pack
All Mines
Spawn Locations
Cross Positions
Add a new tag
Caveats
  • Supply blocks, unpowered buildings, or Contaminate may cause inaccurate times.
  • Supply counts are checked every 10 seconds.